 Dungeon Crawl Stone Soup version 0.26.1-2-gb8aa6d0 (webtiles) character file.

Game seed: 11428271657098031040

714 GeorgeSoros the Twirler (level 7, -4/48 (56) HPs)
             Began as a Gnoll Wanderer on Feb 15, 2021.
             Was a Believer of Nemelex Xobeh.
             Slain by a wight
             ... wielding a cursed +5 dire flail
              (5 damage)
             ... on level 5 of the Dungeon.
             The game lasted 00:14:43 (3909 turns).

GeorgeSoros the Twirler (Gnoll Wanderer)            Turns: 3909, Time: 00:14:44

HP:   -4/48 (56)    AC:  9    Str: 12    XL:     7   Next: 69%
MP:   10/10         EV: 11    Int: 17    God:    Nemelex Xobeh [**....]
Gold: 201           SH:  0    Dex: 16    Spells: 11/11 levels left

rFire    . . .     SeeInvis .   o - +0 mace (holy)
rCold    . . .     Faith    .   (no shield)
rNeg     . . .     Spirit   .   v - +0 scale mail
rPois    .         Reflect  .   (no helmet)
rElec    .         Harm     .   p - +1 cloak
rCorr    .         Rampage  .   (no gloves)
Will     .....                  x - +0 pair of boots
Stlth    +.........             (no amulet)
HPRegen  0.16/turn              (no ring)
MPRegen  0.12/turn              (no ring)

@: about to teleport, heavily drained
A: distributed training, fangs 1, strong nose
a: Renounce Religion, Draw Escape, Draw Destruction, Draw Summoning


You were on level 5 of the Dungeon.
You worshipped Nemelex Xobeh.
Nemelex Xobeh was pleased with you.
You visited 1 branch of the dungeon, and saw 5 of its levels.

You collected 201 gold pieces.

Inventory:

Hand Weapons
 a - a +2 quarterstaff of freezing
 b - a +0 falchion
 e - a +2 dagger of draining
 o - a +0 mace of holy wrath (weapon)
Missiles
 f - 5 poisoned darts (quivered)
Armour
 d - a +1 robe
 m - a +0 leather armour
 p - a +1 cloak (worn)
 q - a +0 ring mail
 v - a +0 scale mail (worn)
 x - a +0 pair of boots (worn)
Wands
 r - a wand of iceblast (2)
Scrolls
 c - 4 scrolls of teleportation
 l - 6 scrolls of remove curse
Potions
 g - 4 potions of might
 h - 4 potions of brilliance
 i - a potion of heal wounds
 j - a potion of resistance
 k - a potion of lignification
 n - a potion of haste {unknown}
 s - a potion of curing {unknown}
 t - a potion of berserk rage {unknown}
 u - a potion of mutation {unknown}
 w - a potion of flight {unknown}


   Skills:
 + Level 5.3 Fighting
 + Level 2.6 Short Blades
 + Level 2.6 Long Blades
 + Level 2.6 Axes
 + Level 2.6 Maces & Flails
 + Level 2.6 Polearms
 + Level 7.1 Staves
 + Level 2.6 Slings
 + Level 2.6 Bows
 + Level 2.6 Crossbows
 + Level 3.7 Throwing
 + Level 2.6 Armour
 + Level 5.3 Dodging
 + Level 3.6 Stealth
 + Level 3.7 Shields
 + Level 2.6 Unarmed Combat
 + Level 2.6 Spellcasting
 + Level 2.1 Conjurations
 + Level 2.1 Hexes
 + Level 2.1 Summonings
 + Level 2.1 Necromancy
 + Level 2.1 Translocations
 + Level 2.1 Transmutations
 + Level 2.1 Fire Magic
 + Level 2.1 Ice Magic
 + Level 2.1 Air Magic
 + Level 2.1 Earth Magic
 + Level 2.1 Poison Magic
 + Level 2.9 Invocations
 + Level 2.6 Evocations


You had 11 spell levels left.
You didn't know any spells.
Your spell library was empty.

Dungeon Overview and Level Annotations

Branches:
Dungeon (5/15)
 Temple: D:4-7

Altars:
Ashenzari
Nemelex Xobeh
Okawaru
Qazlal
Vehumet

Shops:
D:5 *


Innate Abilities, Weirdness & Mutations

Your experience applies equally to all skills.
You have very sharp teeth.
Your uncanny sense of smell can sniff out nearby items.


Message History

You feel drained.
* * * LOW HITPOINT WARNING * * *
You feel much better.
The wight throws a boomerang.
The boomerang completely misses you.
The weapon returns to the wight!
As you read the scroll of teleportation, it crumbles to dust.
You feel strangely unstable. The wight misses you.
The wight throws a boomerang.
The boomerang closely misses you.
The weapon returns to the wight!
The wight throws a boomerang.
The boomerang hits you but does no damage.
The weapon returns to the wight!
You closely miss the wight.
The wight is lightly damaged.
The wight hits you with a cursed +5 dire flail!
* * * LOW HITPOINT WARNING * * *
The wight hits you with a cursed +5 dire flail!
* * * LOW HITPOINT WARNING * * *
You feel drained.
You die...
Your body disappears without a glow.

∆ ######## #†.....### #.####
#........## #.....
#......#..#########.
#..@..≈...(...#...). # ###
####.z..#≈#...^##..####
###⌠###8###8##.S..^≈#..^#^#..####
...........)..#z..≈≈^≈..^##..#...
..............'..^≈..§.(.§..(....
##...##########......._.(....####
#... ########..^.≈≈...^^......#
### #..........##..(.###.###.#
#.........§#.^≈.^##^..()..


You could see 2 wights and an adder.

Vanquished Creatures
  Sigmund (D:5)
  Menkaure (D:5)
  Crazy Yiuf (D:2)
  An orc wizard (D:5)
  A gnoll shaman (D:4)
  An iguana (D:5)
  Natasha (thrice) (D:3)
  A worker ant (D:4)
  9 gnolls
  6 adders
  3 oozes
  A worm (D:5)
  2 leopard geckos
  5 orcs
  A ball python (D:1)
  7 giant cockroaches
  10 goblins
  3 hobgoblins
  3 quokkas
  6 bats
  2 frilled lizards
  A jackal skeleton (D:4)
  6 kobolds
  8 rats
83 creatures vanquished.

Vanquished Creatures (others)
  An orc (D:3)
1 creature vanquished.

Grand Total: 84 creatures vanquished

Notes
Turn   | Place    | Note
-------+----------+-------------------------------------------
     0 | D:1      | GeorgeSoros the Gnoll Wanderer began the quest for the Orb.
     0 | D:1      | GeorgeSoros set off with the following items: a +2
                  | quarterstaff, a +0 falchion, a scroll of teleportation, a
                  | +0 robe
     0 | D:1      | Reached XP level 1. HP: 20/20 MP: 1/1
   168 | D:1      | Reached XP level 2. HP: 26/26 MP: 2/2
   548 | D:2      | Found a sparkling altar of Nemelex Xobeh.
   554 | D:2      | Became a worshipper of Nemelex Xobeh the Trickster
   702 | D:2      | Reached XP level 3. HP: 26/31 MP: 3/3
   966 | D:2      | Reached skill level 1 in Invocations
  1067 | D:2      | Reached skill level 1 in Short Blades
  1067 | D:2      | Reached skill level 1 in Long Blades
  1067 | D:2      | Reached skill level 1 in Axes
  1067 | D:2      | Reached skill level 1 in Maces & Flails
  1067 | D:2      | Reached skill level 1 in Polearms
  1067 | D:2      | Reached skill level 1 in Slings
  1067 | D:2      | Reached skill level 1 in Bows
  1067 | D:2      | Reached skill level 1 in Crossbows
  1067 | D:2      | Reached skill level 1 in Armour
  1067 | D:2      | Reached skill level 1 in Unarmed Combat
  1067 | D:2      | Reached skill level 1 in Spellcasting
  1067 | D:2      | Reached skill level 1 in Evocations
  1170 | D:2      | Reached XP level 4. HP: 33/38 MP: 5/5
  1233 | D:2      | Found a runed translucent door.
  1234 | D:2      | Noticed Crazy Yiuf
  1240 | D:2      | Killed Crazy Yiuf
  1400 | D:3      | Reached skill level 1 in Conjurations
  1400 | D:3      | Reached skill level 1 in Hexes
  1400 | D:3      | Reached skill level 1 in Summonings
  1400 | D:3      | Reached skill level 1 in Necromancy
  1400 | D:3      | Reached skill level 1 in Translocations
  1400 | D:3      | Reached skill level 1 in Transmutations
  1400 | D:3      | Reached skill level 1 in Fire Magic
  1400 | D:3      | Reached skill level 1 in Ice Magic
  1400 | D:3      | Reached skill level 1 in Air Magic
  1400 | D:3      | Reached skill level 1 in Earth Magic
  1400 | D:3      | Reached skill level 1 in Poison Magic
  1486 | D:3      | Found a broken altar of Ashenzari.
  1512 | D:3      | Noticed Natasha
  1526 | D:3      | Killed Natasha
  1527 | D:3      | Reached XP level 5. HP: 21/43 MP: 5/7
  1670 | D:3      | Noticed Natasha
  1678 | D:3      | Killed Natasha
  1814 | D:3      | Reached * piety under Nemelex Xobeh
  1847 | D:3      | Found a radiant altar of Vehumet.
  1851 | D:3      | Noticed Natasha
  1861 | D:3      | Killed Natasha
  2208 | D:3      | Received a gift from Nemelex Xobeh
  2350 | D:3      | Reached XP level 6. HP: 47/50 MP: 8/8
  2683 | D:4      | Reached skill level 5 in Fighting
  2683 | D:4      | Reached skill level 5 in Dodging
  3083 | D:4      | Found an iron altar of Okawaru.
  3186 | D:4      | Reached ** piety under Nemelex Xobeh
  3363 | D:5      | Entered Level 5 of the Dungeon
  3375 | D:5      | Noticed Menkaure
  3387 | D:5      | Killed Menkaure
  3388 | D:5      | Reached XP level 7. HP: 56/56 MP: 10/10
  3430 | D:5      | Reached skill level 7 in Staves
  3621 | D:5      | Found Orphas's Assorted Antiques.
  3648 | D:5      | Found a stormy altar of Qazlal.
  3739 | D:5      | Received a gift from Nemelex Xobeh
  3745 | D:5      | Noticed Sigmund
  3749 | D:5      | Killed Sigmund
  3909 | D:5      | HP: 1/50 [wight/cursed +5 dire flail (14)]
  3909 | D:5      | Slain by a wight

Illustrated notes

Levels and vault maps discovered:
D:1:      dpeg_arrival_round_c, layout_basic
D:2:      layout_rooms, nemelex_xobeh_ov_fountains_minmay,
          uniq_crazy_yiuf_cottage
D:3:      layout_loops_ring, nicolae_overflow_crystal_walls, ashenzari_altar_1,
          uniq_natasha
D:4:      layout_basic, okawaru_gym_becter
D:5:      layout_basic, serial_shops, shop, serial_corexii_hall,
          corexii_hall_statues_l, chequers_hall_statues_wall_a, grunt_decor_cap,
          minivault_11, grunt_qazlal_sundering, uniq_edmund, uniq_menkaure,
          uniq_sigmund

Skill      XL: |  1  2  3  4  5  6  7 |
---------------+----------------------+-----
Invocations    | 1 2 |  2.9
Short Blades   | 1 2 |  2.6
Long Blades    | 1 2 |  2.6
Axes           | 1 2 |  2.6
Maces & Flails | 1 2 |  2.6
Polearms       | 1 2 |  2.6
Slings         | 1 2 |  2.6
Bows           | 1 2 |  2.6
Crossbows      | 1 2 |  2.6
Armour         | 1 2 |  2.6
Unarmed Combat | 1 2 |  2.6
Spellcasting   | 1 2 |  2.6
Evocations     | 1 2 |  2.6
Conjurations   | 1 2 |  2.1
Hexes          | 1 2 |  2.1
Summonings     | 1 2 |  2.1
Necromancy     | 1 2 |  2.1
Translocations | 1 2 |  2.1
Transmutations | 1 2 |  2.1
Fire Magic     | 1 2 |  2.1
Ice Magic      | 1 2 |  2.1
Air Magic      | 1 2 |  2.1
Earth Magic    | 1 2 |  2.1
Poison Magic   | 1 2 |  2.1
Throwing       | 3 |  3.7
Shields        | 3 |  3.7
Stealth        | 3 |  3.6
Fighting       | 5 |  5.3
Dodging        | 5 |  5.3
Staves         | 7 |  7.1

Action                   |  1- 3 |  4- 6 |  7- 9 || total
-------------------------+-------+-------+-------++-------
Melee: Quarterstaff      |    70 |   113 |    27 ||   210
       Bite              |     6 |     5 |     4 ||    15
       Dagger            |       |     1 |       ||     1
       Mace              |       |       |     9 ||     9
Throw: Dart              |     3 |       |       ||     3
Invok: Draw Destruction  |       |     1 |     3 ||     4
Evoke: Wand              |       |     2 |     2 ||     4
  Use: Scroll            |     7 |     5 |     3 ||    15
       Potion            |       |     1 |     1 ||     2
 Stab: Sleeping          |     8 |     3 |       ||    11
Armor: Robe              |     8 |       |       ||     8
       Leather armour    |     3 |     6 |       ||     9
       Ring mail         |       |     9 |       ||     9
       Scale mail        |       |       |    16 ||    16
Dodge: Dodged            |    38 |    57 |    27 ||   122
